[Event "ICC tourney 3364 (40 10)"]
[Site "Internet Chess Club"]
[Date "2024.01.13"]
[Round "3"]
[White "KOEHL, EVAN:MacAndSneeze"]
[Black "Li, Alex:AlexLi31415"]
[Result "0-1"]
[ICCResult "White resigns"]
[WhiteElo "2048"]
[BlackElo "1835"]
[Opening "Sicilian: Kan variation"]
[ECO "B41"]
[NIC "SI.41"]
[Time "15:30:05"]
[PlyCount "60"]
[TimeControl "2400+10"]

1. e4 c5 2. Nf3 e6 3. d4 cxd4 4. Nxd4 a6 5. g3 Nf6 6. Bg2 Bc5 7. Nb3 Ba7 8.
e5 Ng8 9. Nc3 Nc6 10. Qe2 Nge7 11. Bf4 O-O 12. O-O-O Ng6 13. h4 f6 14. Bd2
fxe5 15. Rdf1 d5 16. h5 Nge7 17. g4 e4 18. Nd1 e5 19. c4 Be6 20. cxd5 Nxd5
21. Bxe4 Nf6 22. Bc2 Bxg4 23. f3 Bxh5 24. Bg5 Qe8 25. Ne3 Nd4 26. Qg2 Nxc2
27. Nxc2 Bg6 28. Nba1 Rc8 29. Rh2 Nd5 30. Bd2 Qc6 {White resigns} 0-1

[Event "ICC tourney 3364 (40 10)"]
[Site "Internet Chess Club"]
[Date "2024.01.13"]
[Round "3"]
[White "YANG, LEFAN:cutefelix"]
[Black "Yang, Daniel:danielbest"]
[Result "1-0"]
[ICCResult "Black resigns"]
[WhiteElo "2233"]
[BlackElo "2135"]
[Opening "Nimzo-Indian: Simagin variation"]
[ECO "E46"]
[NIC "NI.10"]
[Time "15:30:05"]
[PlyCount "111"]
[TimeControl "2400+10"]

1. d4 Nf6 2. c4 e6 3. Nc3 Bb4 4. e3 O-O 5. Ne2 d5 6. a3 Bd6 7. cxd5 exd5 8.
Ng3 c6 9. Bd3 Re8 10. O-O Nbd7 11. Re1 Nf8 12. Bd2 Ne6 13. Qc2 a5 14. Nce2
Bd7 15. Nf5 Bf8 16. Bc3 a4 17. f3 c5 18. dxc5 Nxc5 19. Ned4 g6 20. Ng3 Nxd3
21. Qxd3 h5 22. Nge2 Bd6 23. Nf4 Be5 24. Rad1 Qe7 25. Nde2 Bc6 26. Bb4 Qc7
27. Bc3 g5 28. Nh3 Nh7 29. g3 g4 30. fxg4 hxg4 31. Nhf4 Ng5 32. Nd4 Bxd4 33.
Bxd4 Nf3+ 34. Kf2 Re4 35. Rh1 Ne5 36. Qe2 f5 37. Ne6 Qe7 38. Nc5 Rf8 39.
Nxe4 fxe4+ 40. Kg2 Nf3 41. h3 Qg5 42. hxg4 Qxg4 43. Rh8+ Kf7 44. Rxf8+ Kxf8
45. Rh1 Nh4+ 46. Kf2 Qf5+ 47. Ke1 Nf3+ 48. Kd1 Qg4 49. Kc1 Qxg3 50. Qc2 Ne1
51. Qc5+ Kg8 52. Rh8+ Kf7 53. Qf8+ Ke6 54. Qf6+ Kd7 55. Rd8+ Kc7 56. Qe7+
{Black resigns}
1-0

[Event "ICC tourney 3364 (40 10)"]
[Site "Internet Chess Club"]
[Date "2024.01.13"]
[Round "4"]
[White "IVANOV, ALEXANDER:marble"]
[Black "Harshavardhan, G B:vishwa64"]
[Result "1/2-1/2"]
[ICCResult "Game drawn by mutual agreement"]
[WhiteElo "2486"]
[BlackElo "2460"]
[Opening "Ruy Lopez: closed, anti-Marshall 8.a4"]
[ECO "C88"]
[NIC "RL.18"]
[Time "17:45:03"]
[PlyCount "48"]
[TimeControl "2400+10"]

1. e4 e5 2. Nf3 Nc6 3. Bb5 a6 4. Ba4 Nf6 5. O-O Be7 6. Re1 b5 7. Bb3 O-O 8.
a4 Bb7 9. d3 d6 10. c3 Na5 11. Bc2 c5 12. Nbd2 Nc6 13. Nf1 Re8 14. Ng3 g6
15. Bh6 Bf8 16. Bxf8 Kxf8 17. Qd2 Kg7 18. axb5 axb5 19. Rxa8 Bxa8 20. Qg5
Ng8 21. Nf5+ Kf8 22. Ne3 Qxg5 23. Nxg5 h6 24. Nf3 Nge7
{Game drawn by mutual agreement}
1/2-1/2

[Event "ICC tourney 3364 (40 10)"]
[Site "Internet Chess Club"]
[Date "2024.01.13"]
[Round "4"]
[White "MARKOVIC, GORAN:Goran21"]
[Black "YANG, LEFAN:cutefelix"]
[Result "1-0"]
[ICCResult "Black resigns"]
[WhiteElo "2006"]
[BlackElo "2233"]
[Opening "Sicilian: Nimzovich-Rossolimo attack (without ...d6)"]
[ECO "B30"]
[NIC "SI.31"]
[Time "17:46:20"]
[PlyCount "57"]
[TimeControl "2400+10"]

1. e4 c5 2. Nf3 Nc6 3. Bb5 e5 4. O-O Bd6 5. c3 a6 6. Ba4 b5 7. Bc2 Nge7 8.
Re1 Qc7 9. a3 O-O 10. h3 Bb7 11. b4 c4 12. a4 Ng6 13. Na3 Na7 14. d3 cxd3
15. Qxd3 Bc6 16. Bd2 Rfd8 17. a5 Be7 18. Bb3 Qb7 19. Ng5 d5 20. Rad1 h6 21.
Nxf7 Kxf7 22. Qf3+ Bf6 23. exd5 Bxd5 24. Be3 Ne7 25. Rxd5 Nxd5 26. Rd1 Ke8
27. Bc5 Nc6 28. Bxd5 Rxd5 29. Qxd5 {Black resigns} 1-0

[Event "ICC tourney 3364 (40 10)"]
[Site "Internet Chess Club"]
[Date "2024.01.13"]
[Round "4"]
[White "HSIAO, ETHAN:tashunhsiao"]
[Black "YUAN, SERENA:doudou2011"]
[Result "1/2-1/2"]
[ICCResult "Game drawn by mutual agreement"]
[WhiteElo "2075"]
[BlackElo "1901"]
[Opening "Caro-Kann: Panov-Botvinnik attack"]
[ECO "B13"]
[NIC "CK.03"]
[Time "17:46:45"]
[PlyCount "85"]
[TimeControl "2400+10"]

1. e4 c6 2. d4 d5 3. exd5 cxd5 4. c4 Nf6 5. Nc3 Bf5 6. Bf4 Nc6 7. Nf3 e6 8.
c5 Be7 9. Bb5 O-O 10. O-O Bg4 11. Be2 Bxf3 12. Bxf3 b6 13. cxb6 Qxb6 14. Ne2
Qxb2 15. Qa4 Rfc8 16. a3 Qb6 17. Rfb1 Qa5 18. Qd1 Qd8 19. Rb3 Na5 20. Rb5 a6
21. Rb2 Nc4 22. Rb3 Bd6 23. Bc1 Rab8 24. Rab1 Qc7 25. g3 Qa5 26. Qd3 h6 27.
Kg2 Rxb3 28. Rxb3 Rb8 29. Rxb8+ Bxb8 30. Qb3 Bd6 31. a4 Nb6 32. Bd2 Qxd2 33.
Qxb6 Bb4 34. Qxa6 Ba5 35. Qc8+ Kh7 36. Qb7 Kg8 37. Qc8+ Kh7 38. Qb7 Kg8 39.
h4 g6 40. Qc6 Qb4 41. Qb5 Qxb5 42. axb5 Ne8 43. Nc1
{Game drawn by mutual agreement}
1/2-1/2

[Event "ICC tourney 3364 (40 10)"]
[Site "Internet Chess Club"]
[Date "2024.01.13"]
[Round "4"]
[White "Yang, Daniel:danielbest"]
[Black "Singhvi, Armaan:PawnsRule"]
[Result "1-0"]
[ICCResult "Black resigns"]
[WhiteElo "2135"]
[BlackElo "2028"]
[Opening "Grünfeld: 4.Bf4"]
[ECO "D82"]
[NIC "GI.03"]
[Time "17:45:24"]
[PlyCount "103"]
[TimeControl "2400+10"]

1. d4 Nf6 2. c4 g6 3. Nc3 d5 4. Bf4 Bg7 5. e3 c5 6. dxc5 Ne4 7. Nxd5 Na6 8.
f3 Nexc5 9. Qd2 e6 10. Nc3 O-O 11. Rd1 Qa5 12. Nge2 Nb4 13. Nc1 e5 14. Bg3
Bf5 15. Nd5 Nc2+ 16. Kf2 Qd8 17. Nd3 Nxd3+ 18. Bxd3 Bxd3 19. Qxd3 Nb4 20.
Nxb4 Qb6 21. Qb3 Kh8 22. Nd5 Qc5 23. Qb5 Qd6 24. Nc3 Qf6 25. Rd7 a6 26. Qd5
b5 27. c5 Rad8 28. Rd1 Rc8 29. Qd6 Qf5 30. Ne4 f6 31. Qe7 Rg8 32. Rd8 Bf8
33. Qxf6+ Bg7 34. Rxg8+ Kxg8 35. Rd8+ Rxd8 36. Qxd8+ Bf8 37. Qd5+ Kg7 38.
Qxe5+ Qxe5 39. Bxe5+ Kh6 40. c6 Be7 41. c7 b4 42. c8=Q Bh4+ 43. g3 b3 44.
Qf8+ Kh5 45. Nf6+ Kg5 46. gxh4+ Kf5 47. Ng4+ Ke6 48. Qf6+ Kd5 49. Qd6+ Kc4
50. Qc6+ Kb4 51. Bd6+ Ka5 52. Qc5+ {Black resigns} 1-0

[Event "ICC tourney 3364 (40 10)"]
[Site "Internet Chess Club"]
[Date "2024.01.13"]
[Round "4"]
[White "KOEHL, EVAN:MacAndSneeze"]
[Black "POLYAKIN, VLADIMIR:IAlwaysWin"]
[Result "0-1"]
[ICCResult "White resigns"]
[WhiteElo "2048"]
[BlackElo "2100"]
[Opening "French: advance, Wade variation"]
[ECO "C02"]
[NIC "FR.03"]
[Time "17:48:23"]
[PlyCount "88"]
[TimeControl "2400+10"]

1. e4 e6 2. d4 d5 3. e5 c5 4. c3 Qb6 5. Nf3 Bd7 6. Be2 Bb5 7. O-O Nc6 8. Be3
Rc8 9. dxc5 Bxc5 10. Bxc5 Qxc5 11. Nbd2 Nge7 12. Nb3 Qb6 13. Bxb5 Qxb5 14.
Nfd4 Nxd4 15. cxd4 O-O 16. Qd2 b6 17. Rac1 Rc4 18. Rc3 Rfc8 19. Rfc1 a5 20.
Rxc4 dxc4 21. Qc3 h6 22. Nd2 Nd5 23. Qc2 Nb4 24. Qb1 Qd5 25. Nf3 Nc6 26. Rd1
b5 27. a3 b4 28. Qc2 Ne7 29. Qa4 Rb8 30. h3 Nf5 31. Qc2 Rc8 32. axb4 axb4
33. Qa4 b3 34. Qb4 Qe4 35. Qc3 Ne7 36. Qd2 Qa8 37. Rc1 Nd5 38. Qd1 Qa2 39.
Nd2 Qxb2 40. Nxc4 Qa2 41. Nd2 Nc3 42. Qxb3 Ne2+ 43. Kh2 Nxc1 44. Qxa2 Nxa2
{White resigns}
0-1

[Event "ICC tourney 3364 (40 10)"]
[Site "Internet Chess Club"]
[Date "2024.01.13"]
[Round "4"]
[White "QI, JENNY:eevee11"]
[Black "BRUDNO, STEPHEN:StevChess01"]
[Result "1-0"]
[ICCResult "Black resigns"]
[WhiteElo "1934"]
[BlackElo "1900"]
[Opening "Sicilian: O'Kelly variation"]
[ECO "B28"]
[NIC "SI.43"]
[Time "17:45:06"]
[PlyCount "187"]
[TimeControl "2400+10"]

1. e4 c5 2. Nf3 a6 3. c3 e6 4. d4 d5 5. exd5 exd5 6. Be3 c4 7. Be2 Nc6 8.
O-O Nf6 9. h3 Bf5 10. Nbd2 h6 11. Ne5 Be7 12. b3 cxb3 13. axb3 Rc8 14. Nxc6
Rxc6 15. c4 O-O 16. Bf3 Bb4 17. Ra4 Bxd2 18. Bxd2 Ne4 19. Bb4 Re8 20. Ra5 b5
21. cxb5 axb5 22. Rxb5 Nf6 23. Rc5 Rc8 24. Ba5 Qd7 25. b4 Ne4 26. Bxe4 Bxe4
27. Qc1 Bd3 28. Rd1 Bc4 29. Re1 Rxe1+ 30. Qxe1 Re8 31. Qd2 Qf5 32. Qc3 Re2
33. Qg3 Re1+ 34. Kh2 Qb1 35. Qf4 Rh1+ 36. Kg3 Qd3+ 37. Qf3 Qg6+ 38. Qg4 Qd3+
39. Qf3 Qxd4 40. Rc8+ Kh7 41. Qf5+ g6 42. Qxf7+ Qg7 43. Rc7 Qxf7 44. Rxf7+
Kg8 45. Rb7 Rb1 46. Kf4 Rb2 47. Ke3 Rb3+ 48. Kd4 Rb2 49. Ke3 Rb3+ 50. Kf4
Rb2 51. Kg3 Rb3+ 52. f3 Rb2 53. Rb6 Kf7 54. Rb7+ Kf6 55. Bd8+ Kf5 56. Rf7+
Ke5 57. Bf6+ Ke6 58. Bxb2 Kxf7 59. Kf4 Ke6 60. g4 g5+ 61. Ke3 Kf7 62. Kd4
Be2 63. Ke3 Bf1 64. Kd4 Be2 65. Kc5 Bxf3 66. b5 Ke6 67. Bd4 Kd7 68. Bg7 d4
69. Bxd4 Kc8 70. Kb6 Bg2 71. Ka7 Bxh3 72. b6 Bg2 73. Bg7 Kd7 74. Bxh6 Ke6
75. Bxg5 Bd5 76. b7 Bxb7 77. Kxb7 Kf7 78. Kc6 Kg6 79. Bd8 Kf7 80. g5 Kg6 81.
Kd7 Kf7 82. Bf6 Kg6 83. Ke8 Kh7 84. Bd8 Kg8 85. Ba5 Kg7 86. Bd2 Kg8 87. Ke7
Kg7 88. Ke6 Kg6 89. Bc1 Kg7 90. Kf5 Kf7 91. g6+ Kg7 92. Kg5 Kg8 93. Kh6 Kf8
94. Kh7 {Black resigns} 1-0

[Event "ICC tourney 3364 (40 10)"]
[Site "Internet Chess Club"]
[Date "2024.01.13"]
[Round "5"]
[White "Harshavardhan, G B:vishwa64"]
[Black "MARKOVIC, GORAN:Goran21"]
[Result "1-0"]
[ICCResult "Black resigns"]
[WhiteElo "2460"]
[BlackElo "2006"]
[Opening "King's Indian: Petrosian system, main line"]
[ECO "E93"]
[NIC "KI.16"]
[Time "20:00:14"]
[PlyCount "55"]
[TimeControl "2400+10"]

1. d4 Nf6 2. c4 g6 3. Nc3 Bg7 4. e4 d6 5. Nf3 O-O 6. Be2 e5 7. d5 Nbd7 8.
Nd2 a6 9. h4 h5 10. Nb3 a5 11. Be3 b6 12. f3 Nc5 13. Nxc5 dxc5 14. Qd2 Ne8
15. g4 hxg4 16. fxg4 f5 17. gxf5 gxf5 18. Bg5 Qd7 19. O-O-O Nd6 20. h5 Kh8
21. Rdg1 Ba6 22. h6 Bf6 23. Bxf6+ Rxf6 24. Qg5 Qe7 25. Qg7+ Qxg7 26. hxg7+
Kg8 27. Rh8+ Kf7 28. Rxa8 {Black resigns} 1-0

[Event "ICC tourney 3364 (40 10)"]
[Site "Internet Chess Club"]
[Date "2024.01.13"]
[Round "5"]
[White "YUAN, SERENA:doudou2011"]
[Black "KOEHL, EVAN:MacAndSneeze"]
[Result "1-0"]
[ICCResult "Black resigns"]
[WhiteElo "1901"]
[BlackElo "2048"]
[Opening "Neo-Grünfeld, 6.O-O, main line"]
[ECO "D79"]
[NIC "GI.02"]
[Time "20:00:03"]
[PlyCount "53"]
[TimeControl "2400+10"]

1. d4 Nf6 2. Nf3 g6 3. g3 Bg7 4. Bg2 O-O 5. O-O d5 6. c4 c6 7. cxd5 cxd5 8.
Ne5 Nc6 9. Nc3 Be6 10. Nxc6 bxc6 11. Na4 Nd7 12. Bf4 Rc8 13. Rc1 Qa5 14. a3
c5 15. dxc5 Nxc5 16. Nxc5 Rxc5 17. Rxc5 Qxc5 18. Qd2 Qb5 19. b4 Qa4 20. Bxd5
Bxd5 21. Qxd5 Qxa3 22. Qb7 Bc3 23. b5 Bg7 24. Be3 a5 25. bxa6 e6 26. Rb1 Be5
27. a7 {Black resigns} 1-0

[Event "ICC tourney 3364 (40 10)"]
[Site "Internet Chess Club"]
[Date "2024.01.13"]
[Round "5"]
[White "BRUDNO, STEPHEN:StevChess01"]
[Black "WANG, RACHEL ZIHAN:Rachelw07511"]
[Result "0-1"]
[ICCResult "White resigns"]
[WhiteElo "1900"]
[BlackElo "1903"]
[Opening "QGA: 3.e4"]
[ECO "D20"]
[NIC "QG.04"]
[Time "20:00:11"]
[PlyCount "114"]
[TimeControl "2400+10"]

1. d4 d5 2. c4 dxc4 3. e4 e5 4. Nf3 Nf6 5. Nc3 exd4 6. Qxd4 Qxd4 7. Nxd4 a6
8. a4 Bb4 9. Bxc4 Nxe4 10. O-O Nxc3 11. bxc3 Bxc3 12. Nb3 Bxa1 13. Re1+ Be6
14. Nxa1 O-O 15. Bxe6 fxe6 16. Rxe6 Nc6 17. Nb3 Rae8 18. Rxe8 Rxe8 19. Kf1
Nb4 20. Bf4 Nd3 21. Bd2 c5 22. a5 c4 23. Nd4 Kf7 24. Nf5 Rd8 25. Bc3 g6 26.
Ne3 Rc8 27. g3 Ke6 28. Ke2 Ne5 29. f4 Nf7 30. Kf3 Nd6 31. g4 Nb5 32. Bb4 c3
33. Nc2 Kd5 34. Ke3 Kc4 35. f5 Re8+ 36. Kf4 gxf5 37. gxf5 Nd4 38. Nxd4 Kxd4
39. f6 c2 40. Ba3 Kd3 41. Kf5 Kc4 42. f7 Rc8 43. Kf6 Kb5 44. Bc1 Kxa5 45.
Kg7 b5 46. Kxh7 b4 47. Kg7 b3 48. f8=Q Rxf8 49. Kxf8 Kb4 50. Bb2 a5 51. h4
a4 52. h5 a3 53. h6 axb2 54. h7 c1=Q 55. h8=Q Qc8+ 56. Kg7 Qxh8+ 57. Kxh8
b1=Q {White resigns} 0-1

[Event "ICC tourney 3364 (40 10)"]
[Site "Internet Chess Club"]
[Date "2024.01.13"]
[Round "5"]
[White "YANG, LEFAN:cutefelix"]
[Black "POLYAKIN, VLADIMIR:IAlwaysWin"]
[Result "1-0"]
[ICCResult "Black resigns"]
[WhiteElo "2233"]
[BlackElo "2100"]
[Opening "QGD: exchange, positional line, 5...c6"]
[ECO "D35"]
[NIC "QO.16"]
[Time "20:00:30"]
[PlyCount "59"]
[TimeControl "2400+10"]

1. d4 d5 2. c4 e6 3. Nc3 Nf6 4. cxd5 exd5 5. Bg5 c6 6. e3 Bf5 7. Qf3 Bg6 8.
Bxf6 Qxf6 9. Qxf6 gxf6 10. Nf3 Nd7 11. Kd2 Bd6 12. Bd3 O-O-O 13. h4 h5 14.
Ne2 Rhg8 15. Rhg1 Rde8 16. Nf4 Bxf4 17. exf4 Be4 18. Ne1 Bxd3 19. Kxd3 Re4
20. g3 Kb8 21. Nf3 c5 22. b3 b5 23. Rac1 Rc8 24. Rge1 f5 25. Re3 cxd4 26.
Rxc8+ Kxc8 27. Nxd4 Nc5+ 28. Kc3 b4+ 29. Kxb4 Na6+ 30. Kc3 {Black resigns}
1-0

[Event "ICC tourney 3364 (40 10)"]
[Site "Internet Chess Club"]
[Date "2024.01.13"]
[Round "5"]
[White "Li, Alex:AlexLi31415"]
[Black "IVANOV, ALEXANDER:marble"]
[Result "0-1"]
[ICCResult "White checkmated"]
[WhiteElo "1835"]
[BlackElo "2486"]
[Opening "Old Indian defense"]
[ECO "A42"]
[NIC "OI.07"]
[Time "20:00:08"]
[PlyCount "68"]
[TimeControl "2400+10"]

1. d4 d6 2. c4 e5 3. e3 Nd7 4. Bd3 g6 5. Ne2 Bg7 6. O-O f5 7. Nbc3 Ngf6 8.
b3 O-O 9. Bb2 Re8 10. Rc1 c6 11. b4 e4 12. Bc2 Nb6 13. Bb3 d5 14. cxd5 cxd5
15. Na4 Nxa4 16. Bxa4 Bd7 17. Qb3 b5 18. Nc3 bxa4 19. Nxa4 Bb5 20. Rfd1 Bc4
21. Qa3 a5 22. Nc5 axb4 23. Qxb4 Bxa2 24. Nb7 Qe7 25. Nc5 Reb8 26. Qc3 Bc4
27. Ba3 Qf7 28. Ra1 g5 29. Kh1 Bf8 30. Rdc1 Bd6 31. Rcb1 Bxh2 32. Kxh2 Qh5+
33. Kg1 Ng4 34. g3 Qh2# {White checkmated} 0-1

[Event "ICC tourney 3364 (40 10)"]
[Site "Internet Chess Club"]
[Date "2024.01.13"]
[Round "5"]
[White "Yang, Daniel:danielbest"]
[Black "QI, JENNY:eevee11"]
[Result "1-0"]
[ICCResult "Black forfeits on time"]
[WhiteElo "2135"]
[BlackElo "1934"]
[Opening "Kevitz-Trajkovich defense"]
[ECO "A50"]
[NIC "QP.07"]
[Time "20:00:04"]
[PlyCount "43"]
[TimeControl "2400+10"]

1. d4 Nf6 2. c4 Nc6 3. Nf3 e6 4. Nc3 Bb4 5. e3 d6 6. Be2 O-O 7. O-O Bxc3 8.
bxc3 e5 9. d5 Ne7 10. Nd2 Bd7 11. e4 Rc8 12. Qb3 b6 13. a4 c6 14. Ba3 cxd5
15. cxd5 Qc7 16. Qb4 Ne8 17. Nc4 f6 18. Nxd6 a5 19. Nxe8 Rfxe8 20. Qb3 Qxc3
21. Qxb6 Ng6 22. Bb5 {Black forfeits on time} 1-0